Map: Arctic Gates

Players

Xerox

  • Race: Protoss Protoss
  • League: Gold
  • Spawn Location: 3:00

ILIEKEGGPIE

  • Race: Protoss Protoss
  • League: Platinum
  • Spawn Location: 0:00

AlanDM - Winner!

  • Race: Terran Terran
  • Spawn Location: 0:00

youthCrisis - Winner!

  • Race: Zerg Zerg
  • League: Diamond
  • Spawn Location: 9:00

VOD

Have the link to the VOD?

Description

Time

  • Played on: May 1, 2018, 7:30 p.m.
  • Length: 3:53
Show
View Real Time Build Order
Export as new Build Order

Xerox Protoss 

Build Orders:  

Get SALT Encoding   

  12  0:18  Probe  
  13  0:32  Probe  
  14  1:03  Probe  
  15  1:18  Pylon  
  15  1:22  Nexus  
  15  1:36  Probe  
  16  1:42  Nexus  
  16  1:50  Probe  
  17  2:02  Pylon, Probe  
  18  2:12  Pylon  
  18  2:15  Probe  
  18  2:21  Forge  
  19  2:28  Probe  
  20  2:35  Gateway  
  20  2:42  Pylon  
  20  2:46  Gateway  
  20  2:50  Probe x2  
  22  2:57  Probe  
  23  3:02  Probe  
  24  3:11  Photon Cannon  
  24  3:17  Photon Cannon  
  28  3:44  Assimilator  
  28  3:49  Photon Cannon  
Show
View Real Time Build Order
Export as new Build Order

ILIEKEGGPIE Protoss 

Build Orders: 1 Gate Expand 

Get SALT Encoding   

  12  0:01  Probe  
  13  0:13  Probe  
  14  0:19  Pylon  
  14  0:26  Probe  
  15  0:38  Probe  
  15  0:39  Gateway  
  16  0:50  Assimilator, Probe  
  17  1:02  Probe  
  18  1:10  Probe  
  19  1:18  Probe  
  20  1:29  Probe  
  21  1:39  Nexus  
  21  1:52  Cybernetics Core  
  21  1:55  Pylon  
  21  2:07  Assimilator  
  21  2:17  Gateway  
  21  2:22  Gateway  
  21  2:44  Stalker  
  23  2:48  Probe  
  24  2:56  Stalker  
  24  2:57  Shield Battery  
  24  3:00  Shield Battery  
  26  3:19  Stalker  
  28  3:25  Pylon  
  28  3:28  Shield Battery  
Show
View Real Time Build Order
Export as new Build Order

AlanDM Terran - Winner!

Build Orders:  

Get SALT Encoding   

  12  0:01  SCV  
  13  0:13  SCV  
  14  0:19  Supply Depot  
  14  0:25  SCV  
  15  0:41  SCV  
  16  0:53  SCV  
  17  1:05  SCV  
  18  1:15  Barracks  
  18  1:18  Barracks  
  18  1:21  SCV  
  18  1:22  Barracks  
  18  1:24  Refinery  
  19  1:33  SCV  
  20  1:41  Supply Depot  
  20  1:45  SCV  
  21  2:04  Supply Depot  
  21  2:06  Barracks  
  21  2:10  Marine  
  21  2:11  Marine x2  
  24  2:28  Marine x2  
  24  2:29  Marine  
  27  2:34  Refinery  
  27  2:46  Marine x3  
  27  2:50  SCV  
  31  3:04  Marine x2  
  33  3:06  Marine, Factory  
  33  3:09  Marine  
  35  3:19  Supply Depot  
  35  3:23  Marine  
  35  3:24  Marine  
Show
View Real Time Build Order
Export as new Build Order

youthCrisis Zerg - Winner!

Build Orders: Pool Only 

Get SALT Encoding   

  12  0:03  Drone  
  13  0:18  Drone  
  14  0:39  Spawning Pool, Overlord  
  13  0:44  Extractor  
  13  0:47  Drone x2  
  14  1:11  Drone x2  
  16  1:19  Overlord  
  16  1:25  Queen  
  18  1:42  Zergling x4  
  20  1:47  Metabolic Boost  
  20  1:49  Zergling x2  
  21  1:56  Zergling x2  
  22  2:11  Zergling x2  
  23  2:25  Zergling x2  
  24  2:35  Zergling x8  
  28  2:45  Drone  
  28  2:46  Spore Crawler  
  28  2:50  Spine Crawler  
  27  3:01  Drone  
  27  3:03  Zergling x2  
  29  3:07  Overlord  
  29  3:08  Drone  
Tags
 
Add a new tag
Caveats
  • Supply blocks, unpowered buildings, or Contaminate may cause inaccurate times.
  • Supply counts are checked every 10 seconds.